 Dungeon Crawl Stone Soup version 0.27.0-1-g7a089689b8 (webtiles) character file.

Game seed: 9932922578325094672

27561 Brandom the Covert (level 13, 0/71 HPs)
             Began as a Spriggan Fire Elementalist on July 31, 2021.
             Was an Initiate of Gozag.
             Slain by a blink frog (15 damage)
             ... on level 3 of the Lair of Beasts.
             The game lasted 01:23:58 (21349 turns).

Brandom the Covert (Spriggan Fire Elementalist)    Turns: 21349, Time: 01:23:58

Health: 0/71       AC: 10    Str:  7    XL:     13   Next: 5%
Magic:  12/18      EV: 23    Int: 20    God:    Gozag
Gold:   4596       SH:  0    Dex: 16    Spells: 12/18 levels left

rFire    . . .     SeeInvis +   s - +4 dagger (vamp) {!w}
rCold    . . .     Faith    .   (shield restricted)
rNeg     . . .     Spirit   .   I - +0 acid dragon scales
rPois    +         Reflect  .   G - +1 hat
rElec    .         Harm     .   i - +0 cloak
rCorr    +         Rampage  .   (gloves unavailable)
Will     ++...                  (boots unavailable)
Stlth    ++++++....             c - amulet of regeneration
HPRegen  1.21/turn              n - +4 ring of protection
MPRegen  0.16/turn              h - ring of poison resistance

@: very quick
A: very small, no large weapons, unfitting armour, see invisible, speed 3, horns
1, clever 1, deformed body
a: Renounce Religion, Potion Petition, Call Merchant, Bribe Branch


You were on level 3 of the Lair of Beasts.
You worshipped Gozag.
Gozag was most pleased with you.
You visited 2 branches of the dungeon, and saw 14 of its levels.
You visited the Abyss 1 time.
You also visited: Sewer.

You collected 5465 gold pieces.
You spent 581 gold pieces at shops.
You paid 288 gold pieces to Gozag.

Inventory:

Hand Weapons
 b - a +0 dagger
   (You took it off a goblin on level 1 of the Dungeon)
 r - a +2 short sword of flaming
   (You took it off a kobold on level 2 of the Dungeon)
 s - a +4 vampiric dagger (weapon) {!w}
   (You bought it in a shop on level 5 of the Dungeon)
 J - a +0 scimitar of flaming
   (You took it off Maggie on level 10 of the Dungeon)
 K - the +5 trident of Dim Light {vorpal, rCorr}
   (You found it on level 10 of the Dungeon)

   It inflicts extra damage upon your enemies.
   rCorr:     It protects you from acid and corrosion.
Missiles
 j - 30 poisoned darts (quivered)
Armour
 a - a +0 robe
 i - a +0 cloak (worn)
   (You found it on level 3 of the Dungeon)
 k - a +2 robe of willpower
   (You took it off Psyche on level 8 of the Dungeon)
 o - a +0 cloak
   (You found it on level 4 of the Dungeon)
 z - a +2 robe of positive energy
   (You took it off Pikel on level 6 of the Dungeon)
 G - a +1 hat (worn)
   (You took it off Gastronok on level 10 of the Dungeon)
 I - +0 acid dragon scales (worn)
   (You took it off Maggie on level 10 of the Dungeon)
Jewellery
 c - an amulet of regeneration (around neck)
   (You found it on level 8 of the Dungeon)
 f - a ring of ice
   (You found it on level 2 of the Dungeon)
 g - an amulet of guardian spirit
   (You found it on level 2 of the Dungeon)
 h - a ring of poison resistance (right hand)
   (You found it on level 1 of the Lair of Beasts)
 n - a +4 ring of protection (left hand)
   (You took it off a kobold on level 4 of the Dungeon)
Wands
 d - a wand of iceblast (2)
   (You found it on level 4 of the Lair of Beasts)
 t - a wand of flame (58)
   (You found it in a sewer)
 v - a wand of digging (15)
   (You found it on level 8 of the Dungeon)
 x - a wand of acid (1)
   (You took it off an orc on level 10 of the Dungeon)
 C - a wand of polymorph (10)
   (You found it on level 9 of the Dungeon)
Scrolls
 l - 3 scrolls of fear
 p - 3 scrolls of magic mapping {unknown}
 q - 9 scrolls of teleportation {@r4}
 u - a scroll of silence {unknown}
 y - a scroll of enchant weapon
 A - 3 scrolls of brand weapon
 D - a scroll of blinking {unknown}
 E - 2 scrolls of enchant armour
 F - a scroll of amnesia {unknown}
 M - a scroll of torment {unknown}
 Q - a scroll of fog {unknown}
 T - a scroll of noise {unknown}
Potions
 e - a potion of degeneration {!q}
 m - 4 potions of curing {@q1}
 w - a potion of magic
 B - a potion of cancellation
 H - a potion of resistance
 L - a potion of ambrosia
 N - a potion of flight
 P - a potion of attraction {!q}
 S - a potion of lignification {!q}


   Skills:
 * Level 9.7 Fighting
 - Level 12.0 Short Blades
 + Level 3.2 Armour
 + Level 12.7 Dodging
 + Level 14.8 Stealth
 - Level 3.0 Spellcasting
 - Level 1.0 Conjurations
 - Level 4.2 Translocations
 - Level 2.0 Transmutations
 - Level 3.0 Fire Magic
 - Level 2.0 Earth Magic
 * Level 2.4 Evocations


You had 12 spell levels left.
You knew the following spells:

 Your Spells              Type           Power      Damage    Failure   Level
a - Foxfire               Conj/Fire      44%        2x1d6     11%         1
b - Blink                 Tloc           N/A        N/A       7%          2
c - Apportation           Tloc           40%        N/A       4%          1
d - Passwall              Tmut/Erth      9%         N/A       17%         2

Your spell library contained the following spells:

 Spells                   Type           Power      Damage    Failure   Level
 Sandblast                Erth           22%        2d7       11%         1
 Animate Skeleton         Necr           6%         N/A       26%         1
 Corona                   Hex            3%         N/A       26%         1
 Freeze                   Ice            12%        1d4       26%         1
 Summon Small Mammal      Summ           12%        N/A       26%         1
 Conjure Flame            Conj/Fire      11%        6-21      32%         3
 Ignite Poison            Fire/Tmut/Pois 9%         N/A       36%         3
 Inner Flame              Hex/Fire       9%         N/A       38%         3
 Stone Arrow              Conj/Erth      18%        3d8       38%         3
 Mephitic Cloud           Conj/Pois/Air  4%         N/A       56%         3
 Frozen Ramparts          Ice            6%         1d2       58%         3
 Sticky Flame             Conj/Fire      11%        2d3       73%         4
 Manifold Assault         Tloc           20%        N/A       77%         5
 Animate Armour           Summ/Erth      14%        N/A       86%         4
 Ice Form                 Ice/Tmut       7%         N/A       86%         4
 Hailstorm                Conj/Ice       5%         3d4       90%         4
 Animate Dead             Necr           1%         N/A       94%         4
 Blade Hands              Tmut           5%         N/A       97%         5
 Bolt of Magma            Conj/Fire/Erth 5%         4d5       97%         5
 Fireball                 Conj/Fire      5%         3d5       97%         5
 Lee's Rapid Deconstruct  Erth           5%         3d7*      97%         5
 Alistair's Intoxication  Tmut/Pois      4%         N/A       99%         5
 Borgnjor's Vile Clutch   Necr/Erth      3%         N/A       99%         5
 Death Channel            Necr           1%         N/A       100%        6
 Eringya's Noxious Bog    Tmut/Pois      3%         N/A       100%        6
 Iron Shot                Conj/Erth      4%         9d2       100%        6
 Simulacrum               Ice/Necr       1%         N/A       100%        6
 Storm Form               Tmut/Air       3%         N/A       100%        7
 Shatter                  Erth           5%         3d8*      100%        9


Dungeon Overview and Level Annotations

Branches:
Dungeon (10/15)            Temple (0/1) D:5            Lair (4/6) D:9
  Snake (0/4) Lair:2          Orc (0/2) D:10          Sewer (visited)
  Swamp: Lair:2-4    Shoals: Lair:2-4

Altars:
Ashenzari
Dithmenos
Fedhas
Gozag
Qazlal
Ru
Xom
Zin
The Shining One

Shops:
D:5 *[*


Innate Abilities, Weirdness & Mutations

You are very small and have problems with some larger weapons.
You are too small for most types of armour.
You have supernaturally acute eyesight. (SInv)
You cover ground extremely quickly. (Speed+++)
You have a pair of small horns on your head.
Your mind is acute. (Int +2)
Armour fits poorly on your strangely shaped body.


Message History

The elephant trunk-slaps you but does no damage.
The blink frog completely misses you.
You hit the blink frog.
You feel better.
You hit the blink frog.
You feel better.
Your headbutt misses the blink frog. The blink frog barely misses you.
The elephant tramples you!
* * * LOW HITPOINT WARNING * * *
You hold your ground!
The elephant misses you.
You barely miss the blink frog. The blink frog misses you.
You closely miss the blink frog. The elephant barely misses you. x2
You hit the blink frog.
You feel better. The blink frog barely misses you.
You closely miss the blink frog. You headbutt the blink frog.
The elephant closely misses you. x2; The blink frog completely misses you.
You hit the blink frog.
You feel better.
You hit the blink frog.
You feel better. The blink frog hits you!
* * * LOW HITPOINT WARNING * * *
The blink frog blinks!
The elephant misses you. The elephant completely misses you.
You hit the elephant but do no damage. Your headbutt misses the elephant.
You barely miss the blink frog. The elephant barely misses you. x2
You hit the blink frog. The blink frog hits you.
* * * LOW HITPOINT WARNING * * *
You closely miss the blink frog. Your headbutt misses the blink frog.
The blink frog closely misses you. The elephant tramples you!
* * * LOW HITPOINT WARNING * * *
You hold your ground!
The elephant trunk-slaps you but does no damage.
You blink.
The elephant closely misses you. The elephant completely misses you.
You blink.
You blink.
The elephant tramples you!
* * * LOW HITPOINT WARNING * * *
You stumble backwards!
You blink.
Throw: 33 darts (poison)
Aim: a blink frog (almost dead, 45% to hit)
You throw a poisoned dart. The poisoned dart hits the blink frog.
The blink frog is poisoned.
Throw: 32 darts (poison)
Aim: a blink frog (almost dead, poisoned, 45% to hit)
You throw a poisoned dart.
The poisoned dart closely misses the blink frog.
The blink frog blinks!
You see here 2 boomerangs.
Throw: 31 darts (poison)
Aim: a blink frog (almost dead, poisoned, 45% to hit)
You throw a poisoned dart. The poisoned dart hits the blink frog.
The blink frog looks more healthy.
The blink frog barely misses you.
You closely miss the blink frog. You hit the blink frog.
You feel better. The blink frog hits you!
You die...
Your body crumbles into a pile of gold.

..............####..####..######
..........................###..##
..........................##....#
..P#.##.#P###...#...#.#..........
.######.###.....#####..#.........
P# #.#...........#####...........
## ##.............##.............
.###..........>.....##...........
###..^.........F@P...#...........
................#................
............((.###...............
##........Y....# #...##..........
#.............####..####.........
#.>..........##....#.##..........
......._....####...######........
....(......## ##..# #P.......
...(......## ###.## #P.......


You could see an elephant and a blink frog.

Vanquished Creatures
  Gastronok (D:10)
  Fannar (Lair:2)
  2 boulder beetles
  Harold (D:8)
  4 hydras
  A two-headed ogre (D:10)
  Urug (Lair:1)
  Nergalle (Lair:2)
  Sonja (Lair:3)
  Pikel (D:6)
  2 elephants (Lair:3)
  A black mamba (Lair:2)
  3 cane toads
  Maggie (D:10)
  2 komodo dragons (Lair:2)
  Psyche (D:8)
  A polar bear (Lair:3)
  2 hornets
  8 blink frogs
  7 wyverns
  Eustachio (D:5)
  22 yaks
  A fire elemental (Lair:1)
  A wraith (D:10)
  A basilisk (Lair:2)
  2 wargs (D:10)
  3 nagas (Lair:2)
  2 acid dragons
  14 water moccasins
  Duvessa (D:5)
  An ice beast (D:7)
  7 orc warriors
  A necrophage (D:7)
  2 sky beasts (D:6)
  6 wolves (Lair:2)
  2 ogres (D:5)
  5 black bears
  5 centaurs
  6 kobold brigands
  A phantom (D:7)
  13 bullfrogs
  Dowan (D:5)
  4 scorpions
  10 killer bees
  3 howler monkeys
  3 wights (D:9)
  An electric eel (D:6)
  A jelly (D:6)
  A bullfrog zombie (D:6)
  A centaur zombie (D:9)
  A gnoll shaman (D:6)
  3 hounds
  7 orc priests
  A bullfrog skeleton (D:6)
  2 iguanas
  4 orc wizards
  A killer bee zombie (D:7)
  A hound skeleton (D:4)
  14 gnolls
  3 howler monkey zombies
  6 adders
  A river rat (D:3)
  2 worms (D:3)
  3 dart slugs
  33 orcs
  8 ball pythons
  7 bats
  6 endoplasms
  5 giant cockroaches
  3 goblins
  9 hobgoblins
  2 jackals (Sewer)
  64 kobolds
  5 quokkas
  10 frilled lizards
  11 rats
376 creatures vanquished.

Vanquished Creatures (others)
  496 foxfires
  12 fungi
  12 plants
520 creatures vanquished.

Grand Total: 896 creatures vanquished

Notes
Turn   | Place    | Note
-------+----------+-------------------------------------------
     0 | D:1      | Brandom the Spriggan Fire Elementalist began the quest for
                  | the Orb.
     0 | D:1      | Reached XP level 1. HP: 9/9 MP: 5/5
   298 | D:1      | Reached XP level 2. HP: 7/14 MP: 0/6
   306 | D:1      | Reached skill level 1 in Fighting
  1029 | D:1      | Reached XP level 3. HP: 16/18 MP: 8/8
  1483 | D:1      | Found a faded altar of an unknown god.
  1490 | D:1      | Became a worshipper of Gozag Ym Sagoz the Greedy
  1839 | D:2      | Reached skill level 1 in Short Blades
  2702 | D:2      | Reached skill level 4 in Stealth
  2898 | D:3      | Reached XP level 4. HP: 17/22 MP: 6/9
  3172 | D:3      | Found a stormy altar of Qazlal.
  3172 | D:3      | Found a shimmering altar of Xom.
  3279 | D:3      | Found a blossoming altar of Fedhas.
  3280 | D:3      | Found a shadowy altar of Dithmenos.
  3438 | D:3      | Found a glowing drain.
  3447 | Sewer    | Entered a sewer
  3767 | Sewer    | Noticed a water moccasin
  3778 | Sewer    | Killed a water moccasin
  3779 | Sewer    | Reached skill level 5 in Stealth
  3779 | Sewer    | Reached XP level 5. HP: 26/26 MP: 5/10
  4322 | D:3      | Noticed a steam dragon
  4887 | D:4      | Reached XP level 6. HP: 32/32 MP: 11/11
  5183 | D:4      | Reached skill level 5 in Dodging
  5183 | D:4      | Reached skill level 6 in Stealth
  6084 | D:4      | Reached XP level 7. HP: 34/36 MP: 6/12
  6448 | D:4      | Reached skill level 1 in Conjurations
  7375 | D:4      | Reached skill level 7 in Stealth
  7734 | D:5      | Entered Level 5 of the Dungeon
  7803 | D:5      | Found a staircase to the Ecumenical Temple.
  7864 | D:5      | Found Daitirr's Armour Shop.
  7945 | D:5      | Found a glowing silver altar of Zin.
  7998 | D:5      | Reached XP level 8. HP: 40/40 MP: 10/13
  8047 | D:5      | Found Tethrih's General Store.
  8093 | D:5      | Bought a scroll of identify for 22 gold pieces
  8135 | D:5      | Reached skill level 5 in Short Blades
  8257 | D:5      | Found Uwic's General Store.
  8260 | D:5      | Bought a potion of haste for 130 gold pieces
  8260 | D:5      | Bought a scroll of identify for 26 gold pieces
  8260 | D:5      | Bought a +4 vampiric dagger for 364 gold pieces
  8260 | D:5      | Bought a potion of curing for 39 gold pieces
  8287 | D:5      | Learned a level 2 spell: Blink
  8376 | D:5      | Noticed Dowan
  8378 | D:5      | Noticed Duvessa
  8457 | D:5      | Killed Duvessa
  8458 | D:5      | Reached skill level 8 in Stealth
  8458 | D:5      | Reached skill level 1 in Translocations
  8730 | D:5      | Noticed Eustachio
  8737 | D:5      | Killed Eustachio
  9029 | D:5      | Killed Dowan
  9496 | D:6      | Reached XP level 9. HP: 45/45 MP: 14/14
  9547 | D:6      | Noticed Pikel
  9593 | D:6      | Killed Pikel
  9594 | D:6      | Reached skill level 9 in Stealth
  9849 | D:6      | Found a sacrificial altar of Ru.
 10665 | D:7      | Reached skill level 5 in Fighting
 10668 | D:7      | Reached skill level 10 in Stealth
 11331 | D:7      | You fall into a shaft and drop 1 floor!
 11355 | D:8      | Reached XP level 10. HP: 51/51 MP: 15/15
 11671 | D:8      | Gained mutation: You are agile. (Dex +2) [potion of
                  | mutation]
 11671 | D:8      | Gained mutation: You are very agile. (Dex +4) [potion of
                  | mutation]
 12289 | D:8      | Noticed Psyche
 12293 | D:8      | Killed Psyche
 12367 | D:8      | Paralysed by a hornet for 2 turns
 12658 | D:8      | Noticed Harold
 12665 | D:8      | Killed Harold
 12666 | D:8      | Reached skill level 11 in Stealth
 13551 | D:9      | Reached skill level 10 in Short Blades
 13731 | D:9      | Reached skill level 10 in Dodging
 14360 | D:9      | Found a staircase to the Lair.
 14432 | D:10     | Entered Level 10 of the Dungeon
 14432 | D:10     | Noticed Gastronok
 14545 | D:10     | Reached XP level 11. HP: 56/56 MP: 16/16
 14586 | D:10     | Found a staircase to the Orcish Mines.
 14593 | D:10     | Noticed a boulder beetle
 14660 | D:10     | Reached skill level 12 in Stealth
 14781 | D:10     | Lost mutation: You are very agile. (Dex +4) [potion of
                  | mutation]
 14781 | D:10     | Lost mutation: You are agile. (Dex +2) [potion of mutation]
 14781 | D:10     | Gained mutation: Armour fits poorly on your strangely
                  | shaped body. [potion of mutation]
 14781 | D:10     | Gained mutation: You have a pair of small horns on your
                  | head. [potion of mutation]
 14781 | D:10     | Gained mutation: Your mind is acute. (Int +2) [potion of
                  | mutation]
 15185 | D:10     | Killed Gastronok
 15252 | D:10     | Learned a level 1 spell: Apportation
 15255 | D:10     | Learned a level 2 spell: Passwall
 15343 | D:10     | Noticed Maggie
 15415 | D:10     | Killed Maggie
 15416 | D:10     | Reached skill level 1 in Transmutations
 15487 | D:10     | Found a glowing golden altar of the Shining One.
 15517 | D:10     | Identified the +5 trident of Dim Light {vorpal, rCorr}
 15950 | D:10     | Killed a boulder beetle
 15951 | D:10     | Reached skill level 1 in Earth Magic
 16276 | D:10     | Noticed a two-headed ogre
 16283 | D:10     | Killed a two-headed ogre
 16579 | Lair:1   | Entered Level 1 of the Lair of Beasts
 16579 | Lair:1   | Noticed Urug
 16620 | Lair:1   | Killed Urug
 16675 | Lair:1   | Noticed a six-headed hydra
 16677 | Lair:1   | Killed a six-headed hydra
 16678 | Lair:1   | Reached skill level 13 in Stealth
 16737 | Lair:1   | Identified 2 scrolls of acquirement
 16738 | Lair:1   | Acquired 615 gold pieces
 16739 | Lair:1   | Acquired 621 gold pieces
 17024 | Lair:1   | Acquired 562 gold pieces
 17030 | Lair:1   | Noticed a four-headed hydra
 17047 | Lair:1   | Killed a four-headed hydra
 17048 | Lair:1   | Reached XP level 12. HP: 39/64 MP: 13/17
 17575 | Lair:1   | Noticed a fire dragon
 17978 | Lair:2   | Found a staircase to the Snake Pit.
 18021 | Lair:2   | Reached skill level 1 in Armour
 18067 | Lair:2   | Noticed a four-headed hydra
 18227 | Lair:2   | Noticed a boulder beetle
 18260 | Lair:2   | Killed a boulder beetle
 18312 | Lair:2   | Noticed Nergalle
 18470 | Lair:2   | Noticed Fannar
 18479 | Lair:2   | Killed Fannar
 18480 | Lair:2   | Reached skill level 14 in Stealth
 18763 | Lair:2   | Killed Nergalle
 18826 | Lair:2   | Killed a four-headed hydra
 19637 | Lair:3   | Noticed Sonja
 19646 | Lair:3   | Cast into level 1 of the Abyss (Sonja)
 19697 | Lair:3   | Escaped the Abyss
 20020 | Lair:3   | Noticed a six-headed hydra
 20127 | Lair:3   | Killed a five-headed hydra
 20202 | Lair:3   | Paralysed by Sonja for 5 turns
 20420 | Lair:3   | Reached skill level 1 in Evocations
 20674 | Lair:3   | Killed Sonja
 20675 | Lair:3   | Reached XP level 13. HP: 55/71 MP: 18/18
 20778 | Lair:3   | Found a broken altar of Ashenzari.
 21334 | Lair:3   | HP: 1/71 [elephant (13)]
 21349 | Lair:3   | Slain by a blink frog

Illustrated notes

Levels and vault maps discovered:
D:1:      lemuel_arrival_tunnels, layout_basic,
          hellmonk_ecumenical_altar_slurped_away, roderic_roman_lattice,
          minmay_lizard_pond
D:2:      layout_basic, minivault_25, minmay_shallow_snake_nest
D:3:      layout_basic, minitemple, gup_sewer_entry_bubbles
D:4:      minmay_goblin_kobold_castle, layout_basic
D:5:      layout_layer_cave, zin_statuary, minmay_temple_entry_proselytizer,
          serial_shops, nicolae_shop_stone, shop, kennysheep_mini_moat,
          uniq_eustachio, uniq_duvessa
D:6:      layout_basic, lemuel_coloured_pillars_altar, mrwooster_statue_mirror,
          lightli_minifort, uniq_pikel
D:7:      layout_cave_pools
D:8:      layout_layer_cave, uniq_psyche, uniq_harold
D:9:      layout_loops_ring, lair_entry_dummy
D:10:     layout_loops_ring, nicolae_tso_swordbearing_angel, david_orc_1_choice,
          eino_jars, uniq_maggie, uniq_gastronok
Lair:1:   dragon1_lemuel, layout_cave_pods, uniq_urug
Lair:2:   layout_regular_city, minmay_snake_entry_guardpost_medium, uniq_fannar,
          uniq_nergalle
Lair:3:   layout_cave_pods, basic_altar, uniq_sonja
Lair:4:   layout_gridlike, palyth_hydra_swamp_entry, ebering_ghost_inner_flame

Skill      XL: |  1  2  3  4  5  6  7  8  9 10 11 12 13 |
---------------+----------------------------------------+-----
Dodging        | 3 4 5 6 7 8 10 11 12 | 12.7
Fighting       | 1 2 3 4 5 6 7 9 |  9.7
Short Blades   | 1 2 3 4 6 8 10 12 | 12.0
Stealth        | 4 5 6 7 8 10 11 13 14 | 14.8
Spellcasting   | 3 |  3.0
Conjurations   | 1 |  1.0
Fire Magic     | 3 |  3.0
Translocations | 3 4 |  4.2
Transmutations | 2 |  2.0
Earth Magic    | 2 |  2.0
Armour         | 3 |  3.2
Evocations     | 1 2 |  2.4

Action                   |  1- 3 |  4- 6 |  7- 9 | 10-12 | 13-15 || total
-------------------------+-------+-------+-------+-------+-------++-------
Melee: Unarmed           |    13 |       |       |       |       ||    13
       Dagger            |    52 |       |   325 |  2022 |   165 ||  2564
       Short sword       |    22 |   127 |    86 |       |       ||   235
       Headbutt          |       |       |       |   223 |    50 ||   273
       Scimitar          |       |       |       |     1 |       ||     1
Throw: Dart              |       |     5 |    92 |   121 |     9 ||   227
       Throwing net      |       |       |       |     4 |       ||     4
 Cast: Foxfire           |    38 |    67 |   138 |    60 |       ||   303
       Blink             |       |       |       |     5 |     4 ||     9
       Passwall          |       |       |       |     2 |       ||     2
Invok: Potion Petition   |       |     1 |       |       |       ||     1
Evoke: Wand              |       |     1 |       |    39 |       ||    40
  Use: Scroll            |     1 |     2 |     4 |    15 |       ||    22
       Potion            |       |       |       |     8 |       ||     8
 Stab: Sleeping          |     8 |     8 |    15 |    20 |     1 ||    52
       Distracted        |     1 |     1 |       |     9 |     1 ||    12
       Held in net/web   |       |       |       |     5 |       ||     5
Armor: Robe              |    10 |    11 |    48 |    49 |       ||   118
       Acid dragon scale |       |       |       |   115 |    35 ||   150
Dodge: Dodged            |   106 |   101 |   346 |  1207 |   153 ||  1913
